 Dungeon Crawl Stone Soup version 0.28.0-1-gb440e238dd (webtiles) character file.

Game seed: 3712311289145285980

58 CrazyMind the Skirmisher (level 3, 0/49 HPs)
             Began as a Draconian Berserker on Feb 19, 2022.
             Was a Believer of Trog.
             Killed by divine providence
             ... invoked by an orc priest
              (13 damage)
             ... on level 3 of the Dungeon.
             The game lasted 00:04:42 (961 turns).

CrazyMind the Skirmisher (Draconian Berserker)       Turns: 961, Time: 00:04:43

Health: 0/49       AC:  5    Str: 21    XL:     3   Next: 75%
Magic:  3/3        EV: 12    Int:  7    God:    Trog [**....]
Gold:   48         SH:  0    Dex: 10    Spells: 2/2 levels left

rFire   . . .      SeeInvis .   a - +1 hand axe
rCold   + . .      Faith    .   (no shield)
rNeg    . . .      Spirit   .   (armour unavailable)
rPois   .          Reflect  .   (helmet restricted)
rElec   .          Harm     .   (no cloak)
rCorr   .          Rampage  .   (no gloves)
Will    ++...                   (no boots)
Stlth   ..........              (no amulet)
HPRegen 1.16/turn               d - ring of protection from cold
MPRegen 0.08/turn               (no ring)

@: berserking, strong-willed (expiring), regenerating (expiring), very quick
A: AC +5, unfitting armour, cold-blooded
a: Renounce Religion, Berserk, Trog's Hand


You were on level 3 of the Dungeon.
You worshipped Trog.
Trog was pleased with you.
You visited 1 branch of the dungeon, and saw 3 of its levels.

You collected 48 gold pieces.

Inventory:

Hand Weapons
 a - a +1 hand axe (weapon)
 e - a +0 club
Missiles
 b - 4 poisoned darts (quivered)
Jewellery
 d - a ring of protection from cold (left hand)
Scrolls
 g - a scroll of brand weapon {unknown}
Potions
 c - a potion of haste {unknown}
 f - a potion of heal wounds {unknown}


   Skills:
 + Level 3.9 Fighting
 + Level 3.8 Axes
 + Level 3.2 Dodging


You had 2 spell levels left.
You didn't know any spells.
Your spell library was empty.

Dungeon Overview and Level Annotations

Branches:
Dungeon (3/15)

Altars:
Ashenzari

Annotations:
D:2 Sigmund


Innate Abilities, Weirdness & Mutations

Your plain brown scales are hard. (AC +5)
You cannot fit into any form of body armour.
You are cold-blooded and may be slowed by cold attacks.


Message History

An orc comes into view. It is wielding a +0 mace.
You hit the hobgoblin.
The hobgoblin is moderately wounded.
A jelly comes into view.
The hobgoblin hits you with a +0 great mace.
Your skin crawls.
You feel strong-willed.
The hobgoblin hits you with a +0 great mace!
You hit the hobgoblin.
You kill the hobgoblin!
Trog accepts your kill.
You hit the orc.
The orc is severely wounded.
The orc misses you.
You barely miss the orc.
The orc is severely wounded.
The orc closely misses you.
You closely miss the orc.
Your tail-slap misses the orc.
The orc is severely wounded.
The orc hits you with a +0 hand axe.
An orc comes into view. It is wielding a +0 mace.
You hit the orc.
You kill the orc!
Trog accepts your kill.
A bat comes into view.
The orc priest calls down the wrath of Beogh upon you.
Beogh smites you!
A red film seems to cover your vision as you go berserk!
You feel yourself moving faster!
You feel mighty! The orc hits you with a +0 mace.
* * * LOW HITPOINT WARNING * * *
You slash the orc!
You kill the orc!
Trog accepts your kill.
You slash the orc priest!
The orc priest is severely wounded.
You feel the effects of Trog's Hand fading.
The orc priest invokes the aid of Beogh against you.
Beogh smites you!
You die...

###.### . #.....#
.. #.....# ...
#.....# ....
#.....# .....
#.....#
....b.####.....#.#
.....Jo@.?.......#
.##########.######
#.# ##### #.##
..).# #..# ....#
#..# ....# #....
....# #.###..
....# ..# ##


You could see a jelly, an orc priest and a bat.

Vanquished Creatures
  An adder (D:3)
  A dart slug (D:1)
  2 orcs (D:3)
  2 bats (D:1)
  3 endoplasms
  3 giant cockroaches
  2 goblins
  8 hobgoblins
  4 kobolds
  A quokka (D:1)
  3 ball pythons
  5 frilled lizards (D:1)
  7 rats
42 creatures vanquished.

Notes
Turn   | Place    | Note
-------+----------+-------------------------------------------
     0 | D:1      | CrazyMind the Draconian Berserker began the quest for the
                  | Orb.
     0 | D:1      | Reached XP level 1. HP: 19/19 MP: 1/1
   153 | D:1      | Reached XP level 2. HP: 26/26 MP: 2/2
   327 | D:1      | Reached ** piety under Trog
   477 | D:1      | Reached XP level 3. HP: 33/33 MP: 3/3
   697 | D:2      | Found a broken altar of Ashenzari.
   768 | D:2      | You fall into a shaft and drop 1 floor!
   898 | D:2      | Noticed Sigmund
   961 | D:3      | Killed from afar by an orc priest

Illustrated notes

Levels and vault maps discovered:
D:1:      dpeg_arrival_three_same_balls, layout_basic
D:2:      layout_basic, basic_ecumenical_altar, basic_altar,
          minmay_increasing_density, uniq_sigmund
D:3:      layout_basic, marbit_many_paths, chequers_jeans,
          grunt_decor_one_mirror, serial_bayou_crossing, uniq_natasha

Skill      XL: |  1  2 |
---------------+-------+-----
Dodging        | 3 |  3.2
Fighting       | |  3.9
Axes           | |  3.8

Action                   || total
-------------------------++-------
Melee: Hand axe          ||    93
       Tailslap          ||     9
Invok: Berserk           ||     2
       Trog's Hand       ||     1
  Use: Scroll            ||     1
Armor: Skin              ||    41
Dodge: Dodged            ||    65
